 Dungeon Crawl Stone Soup version 0.30-a0-782-ge64f9170bb (webtiles) character file.

Game seed: 3276657129871666557

92 Leeroy the Slasher (level 4, -1/33 HPs)
             Began as a Merfolk Gladiator on Feb 22, 2023.
             Slain by an orc wizard
             ... wielding a +0 dagger
              (4 damage)
             ... on level 2 of the Dungeon.
             The game lasted 00:01:15 (1530 turns).

Leeroy the Slasher (Merfolk Gladiator)              Turns: 1530, Time: 00:01:15

Health: -1/33      AC:  4    Str: 14    XL:     4   Next: 60%
Magic:  4/4        EV: 13    Int:  7    God:
Gold:   67         SH:  0    Dex: 17    Spells: 3/3 levels left

rFire   . . .      SeeInvis .    a - +0 long sword
rCold   . . .      Faith    .    (no shield)
rNeg    . . .      Spirit   .    b - +0 leather armour
rPois   .          Reflect  .    c - +0 helmet
rElec   .          Harm     .    (no cloak)
rCorr   .          Rampage  .    (no gloves)
Will    .....                    (no boots)
Stlth   +                        (no amulet)
HPRegen 0.25/turn                (no ring)
MPRegen 0.09/turn                (no ring)

@: no status effects
A: (nimble swimmer 2), mertail
a: no special abilities


You were on level 2 of the Dungeon.
You visited 1 branch of the dungeon, and saw 2 of its levels.

You collected 67 gold pieces.

Inventory:

Hand Weapons
 a - a +0 long sword (weapon)
Missiles
 d - 3 throwing nets (quivered)
 e - a javelin
 o - 2 boomerangs of dispersal
Armour
 b - a +0 leather armour (worn)
 c - a +0 helmet (worn)
 i - an orb of mayhem
Magical Staves
 f - a staff of air
Scrolls
 g - 5 scrolls of identify {unknown}
 k - a scroll of fog {unknown}
 l - a scroll of magic mapping {unknown}
 m - a scroll of teleportation {unknown}
 n - a scroll of silence {unknown}
Potions
 h - a potion of flight {unknown}
 j - a potion of curing {unknown}
 p - a potion of brilliance {unknown}
 q - a potion of lignification {unknown}


   Skills:
 - Level 2.1 Fighting
 + Level 6.3 Long Blades
 - Level 2.0 Throwing
 - Level 4.0 Dodging


You had 3 spell levels left.
You didn't know any spells.
Your spell library contained the following spells:

 Spells                   Type           Power      Damage    Failure   Level
 Magic Dart               Conj           0%         1d3       52%         1
 Call Imp                 Summ           0%         N/A       65%         2
 Mephitic Cloud           Conj/Pois/Air  0%         N/A       87%         3


Dungeon Overview and Level Annotations

Branches:
Dungeon (2/15)

Altars:
Xom


Innate Abilities, Weirdness & Mutations

((You are very nimble when in or above water. (Stealth+, EV+, Speed+++)))
Your lower body shifts to a powerful aquatic tail in water.


Message History

The dart slug launches a dart at you.
The slug dart hits something.
You hit the orc but do no damage. Something hits you.
The orc barely misses you.
You hit the orc.
The orc is severely wounded.
Something hits you. The orc barely misses you.
You are too injured to fight recklessly!
You are too injured to fight recklessly!
You are too injured to fight recklessly!
You hit the orc but do no damage.
The orc is severely wounded.
The orc hits you with a +0 whip. Something hits you.
The dart slug launches a dart at you. The slug dart hits you.
Something hits you but does no damage. The orc hits you with a +0 whip.
* * * LOW HITPOINT WARNING * * *
You closely miss the orc.
The orc is severely wounded.
Something hits you but does no damage. The orc hits you with a +0 whip.
* * * LOW HITPOINT WARNING * * *
You hit the dart slug.
The dart slug is lightly wounded.
Something hits you.
* * * LOW HITPOINT WARNING * * *
The orc hits you with a +0 whip.
* * * LOW HITPOINT WARNING * * *
You slash the orc!
You kill the orc!
The dart slug bites you but does no damage.
Something completely misses you.
You slash the dart slug!
You kill the dart slug!
Something hits you.
* * * LOW HITPOINT WARNING * * *
You hit something. Something hits you.
* * * LOW HITPOINT WARNING * * *
You hit something but do no damage. Something barely misses you.
You miss something. Something hits you.
You die...

#># #.### #..###...##
#.# ##...## .....##.##
####.# #.....#
#.###.##.#
...#.#####.....### #.
.##.# ##.#.#..........?#
#. ##.# #....#.#
#......# #. #.#
.......####...#..# ##
#.#
..............#.)#####..
#.#
......<.###.....@).[....
#.#
#.....#..........)......
##.#....#####...........
#.#....) .............
........#####.#........
...#.....# #.######.##
..##...## #.# .# #####
#.# #


There were no monsters in sight!

Vanquished Creatures
  An orc wizard (D:2)
  2 adders (D:2)
  2 dart slugs (D:2)
  2 orcs (D:2)
  4 endoplasms
  4 giant cockroaches
  3 goblins
  4 hobgoblins
  3 jackals
  A kobold (D:1)
  2 quokkas (D:1)
  4 ball pythons
  A bat (D:2)
  6 frilled lizards
  2 rats (D:1)
41 creatures vanquished.

Notes
Turn   | Place    | Note
-------+----------+-------------------------------------------
     0 | D:1      | Leeroy the Merfolk Gladiator began the quest for the Orb.
     0 | D:1      | Reached XP level 1. HP: 16/16 MP: 1/1
    49 | D:1      | Reached skill level 4 in Long Blades
   272 | D:1      | Reached XP level 2. HP: 21/22 MP: 2/2
   629 | D:1      | Reached skill level 5 in Long Blades
   629 | D:1      | Reached XP level 3. HP: 25/27 MP: 3/3
  1147 | D:2      | Found a shimmering altar of Xom.
  1419 | D:2      | Reached XP level 4. HP: 25/33 MP: 4/4
  1516 | D:2      | Reached skill level 6 in Long Blades
  1530 | D:2      | Slain by an orc wizard

Illustrated notes

Levels and vault maps discovered:
D:1:      amcnicky_arrival_choice, layout_basic, serial_bayou_pond_e,
          minmay_misc_feat_secret_circle, minmay_misc_feat_more_columns,
          minmay_misc_feat_doors, hangedman_decor_lopped
D:2:      minmay_razor_zed, layout_loops_ring, basic_altar,
          serial_park_tiny_pond

Skill      XL: |  1  2  3  4 |
---------------+-------------+-----
Long Blades    | 4 5 6 |  6.3
Fighting       | |  2.1
Throwing       | |  2.0
Dodging        | |  4.0

Action                     |  1- 3 |  4- 6 || total
---------------------------+-------+-------++-------
  Melee: Long sword        |    87 |    26 ||   113
         Punch             |     2 |       ||     2
 Armour: Leather armour    |    26 |     8 ||    34
  Dodge: Dodged            |    63 |    18 ||    81

Table legend: (Time is in decaauts)
 A = Elapsed time spent in this place.
 B = Non-inter-level travel time spent in this place.
 C = Inter-level travel time spent in this place.
 D = Time resting spent in this place.
 E = Time spent auto-exploring this place.
 F = Levels seen in this place.
 G = Mean time per level.
                   A        B        C        D        E       F      G
               +--------+--------+--------+--------+--------+-----+--------+
         Total |   1543 |   1480 |     63 |      0 |   1206 |   2 |  771.5 |
       Dungeon |   1543 |   1480 |     63 |      0 |   1206 |   2 |  771.5 |
               +--------+--------+--------+--------+--------+-----+--------+

Top non-repeatable levels by time:
     D:1: 1033 daAuts
     D:2: 510 daAuts
